 Dungeon Crawl Stone Soup version 0.31.0-32-g396128a36d (webtiles) character file.

Game seed: 17325547871103689682

1688 Silvore the Protected (level 8, -6/67 (73) HPs)
             Began as a Minotaur Fighter on Mar 10, 2024.
             Mangled by Jeremiah
             ... wielding a +2 trident of draining
              (9 damage)
             ... on level 6 of the Dungeon.
             The game lasted 00:10:15 (5177 turns).

Silvore the Protected (Minotaur Fighter)            Turns: 5177, Time: 00:10:15

HP:   -6/67 (73)    AC:  9    Str: 25    XL:     8   Next: 71%
MP:   7/7           EV: 11    Int:  5    God:
Gold: 385           SH:  5    Dex: 11    Spells: 7/7 levels left

rFire   + . .        a - +1 flail
rCold   . . .        c - +0 buckler
rNeg    + . .        b - +0 scale mail
rPois   .            (helmet restricted)
rElec   +            (no cloak)
rCorr   +            (no gloves)
SInv    .            l - +0 pair of boots
Will    .....        w - amulet of the acrobat Stlth
                     i - ring of protection from fire
HPRegen 0.31/turn    m - ring of Himymef {rElec rN+ rCorr Str+3}
MPRegen 0.10/turn

%: acrobat
@: drained
A: horns 2, retaliatory headbutt
a: no special abilities


You were on level 6 of the Dungeon.
You visited 1 branch of the dungeon, and saw 6 of its levels.

You collected 385 gold pieces.

Inventory:

Hand Weapons
 a - a +1 flail (weapon)
Missiles
 d - a throwing net (quivered)
Armour
 b - a +0 scale mail (worn)
 c - a +0 buckler (worn)
 l - a +0 pair of boots (worn)
Jewellery
 f - a ring of wizardry
 i - a ring of protection from fire (left hand)
 k - a +6 ring of intelligence
 m - the ring of Himymef (right hand) {rElec rN+ rCorr Str+3}
   (You found it on level 3 of the Dungeon)

   [ring of positive energy]

   Str+3:     It affects your strength (+3).
   rElec:     It insulates you from electricity.
   rN+:       It protects you from negative energy.
   rCorr:     It protects you from acid and corrosion.
 o - a ring of see invisible
 q - a +5 ring of evasion
 w - an amulet of the acrobat (around neck)
Wands
 z - a wand of polymorph (3)
 B - a wand of light (7)
 C - a wand of roots (7)
Scrolls
 j - a scroll of fog {unknown}
 n - 2 scrolls of teleportation
 s - a scroll of immolation
 u - a scroll of identify
 v - 2 scrolls of revelation
 y - a scroll of vulnerability
Potions
 e - a potion of enlightenment
 g - a potion of haste
 h - a potion of lignification {unknown}
 p - 2 potions of mutation
 r - 2 potions of brilliance {unknown}
 t - a potion of might
 x - a potion of attraction {unknown}
 A - a potion of curing


   Skills:
 + Level 7.0 Fighting
 + Level 8.1 Maces & Flails
 + Level 8.2 Armour
 + Level 2.9 Dodging
 + Level 1.2 Stealth
 + Level 5.0 Shields


You had 7 spell levels left.
You didn't know any spells.
Your spell library contained the following spells:

 Spells                   Type           Power      Damage    Failure   Level
 Apportation              Tloc           0%         N/A       80%         1
 Necrotise                Necr           0%         1d4       80%         1
 Slow                     Hex            0%         N/A       80%         1
 Sting                    Conj/Alch      0%         1d3       80%         1
 Summon Small Mammal      Summ           0%         N/A       80%         1
 Confusing Touch          Hex            0%         N/A       99%         3
 Hailstorm                Conj/Ice       0%         3d5       99%         3
 Sigil of Binding         Hex            0%         N/A       99%         3
 Summon Ice Beast         Ice/Summ       0%         N/A       99%         3
 Vampiric Draining        Necr           0%         2d6       99%         3
 Summon Mana Viper        Hex/Summ       0%         N/A       100%        5
 Sculpt Simulacrum        Ice/Alch       0%         N/A       100%        6
 Monstrous Menagerie      Summ           0%         N/A       100%        7


Dungeon Overview and Level Annotations

Branches:
Dungeon (6/15)             Temple (0/1) D:5

Altars:
Ashenzari
Dithmenos
Gozag
Makhleb
Trog

Shops:
D:4 ?   D:5 *!*

Annotations:
D:6 Jeremiah


Innate Abilities, Weirdness & Mutations

You have a pair of horns on your head.
You reflexively headbutt those who attack you in melee.


Message History

You miss the butterfly. You sock the butterfly!
You kill the butterfly!
The butterfly disappears in a burst of colours! x2
The butterfly disappears in a burst of colours!
The butterfly disappears in a burst of colours!
You start resting.
The butterfly disappears in a burst of colours!
You start resting.
The butterfly disappears in a burst of colours!
Jeremiah shouts, "O dreadful one, destroy my foe!"
Something smites you!
* * * LOW HITPOINT WARNING * * *
You thump the butterfly!
You kill the butterfly!
The butterfly disappears in a burst of colours!
Jeremiah closely misses you.
Jeremiah lets out a twisted cry.
Something smites you!
* * * LOW HITPOINT WARNING * * *
Jeremiah says, "I don't want to hurt you.
Just - go!
Run!"
Jeremiah hops!
Jeremiah hops!
You completely miss Jeremiah.
Jeremiah is heavily wounded.
Jeremiah hits you with a +2 trident of draining.
* * * LOW HITPOINT WARNING * * *
You partially resist.
You feel drained.
You closely miss Jeremiah.
Jeremiah is heavily wounded.
Jeremiah closely misses you. You furiously retaliate!
You headbutt Jeremiah! You hit Jeremiah but do no damage.
You headbutt Jeremiah.
Jeremiah is almost dead.
The butterfly disappears in a burst of colours!
You block Jeremiah's attack.
You barely miss Jeremiah. Your headbutt misses Jeremiah.
Jeremiah is almost dead.
Jeremiah hits you with a +2 trident of draining!
You die...
Jeremiah wails, "I didn't mean to kill anyone!
I'm not a murderer!" ### #bb

#.# #b# #b#
#F# #@# #b#
#b# #.# #b#
#.#
#########b#


..bbFbb.bb# #########.# You could see Jeremiah.

Vanquished Creatures
  A two-headed ogre (D:5)
  An ice beast (D:6)
  3 ogres
  2 centaurs
  A phantom (D:5)
  A scorpion (D:5)
  A jelly (D:5)
  An orc priest (D:5)
  A gnoll bouda (D:4)
  2 hounds (D:4)
  Jessica (D:3)
  2 iguanas
  An orc wizard (D:5)
  7 adders
  5 gnolls (D:4)
  2 dart slugs
  4 ribbon worms
  5 orcs
  4 bats
  14 endoplasms
  4 giant cockroaches
  5 goblins
  7 hobgoblins
  11 jackals
  7 quokkas
  7 ball pythons
  A frilled lizard (D:1)
  9 kobolds
  7 rats
117 creatures vanquished.

Notes
Turn   | Place    | Note
-------+----------+-------------------------------------------
     0 | D:1      | Silvore the Minotaur Fighter began the quest for the Orb.
     0 | D:1      | Reached XP level 1. HP: 19/19 MP: 0/0
   235 | D:1      | Reached XP level 2. HP: 27/27 MP: 1/1
   721 | D:1      | Reached XP level 3. HP: 33/33 MP: 2/2
  1542 | D:2      | Reached XP level 4. HP: 31/41 MP: 3/3
  1559 | D:3      | Found a faded altar of an unknown god.
  1559 | D:3      | Identified the ring of Himymef {rElec rN+ rCorr Str+3}
  1749 | D:3      | Noticed Jessica
  1756 | D:3      | Killed Jessica
  1765 | D:3      | Found a broken altar of Ashenzari.
  1808 | D:3      | Found a faded altar of an unknown god.
  1823 | D:3      | Found a shadowy altar of Dithmenos.
  2181 | D:4      | Reached skill level 5 in Fighting
  2181 | D:4      | Reached XP level 5. HP: 48/48 MP: 4/4
  2239 | D:4      | Reached skill level 1 in Dodging
  2412 | D:4      | Reached skill level 5 in Armour
  2483 | D:4      | Reached XP level 6. HP: 10/56 MP: 5/5
  2659 | D:4      | Found a burning altar of Makhleb.
  2881 | D:4      | Found Duno's Magic Scroll Boutique.
  3031 | D:5      | Entered Level 5 of the Dungeon
  3045 | D:5      | Found a staircase to the Ecumenical Temple.
  3096 | D:5      | HP: 2/56 [poisoned by a scorpion]
  3342 | D:5      | Found Wistru Bafa's Lightly-Used Armoury.
  3446 | D:5      | Found an opulent altar of Gozag.
  3450 | D:5      | Reached skill level 5 in Maces & Flails
  3450 | D:5      | Reached XP level 7. HP: 57/62 MP: 6/6
  3596 | D:5      | Found Muatown's Distillery.
  3925 | D:5      | Found Ea-nāṣir's Fine Metal Goods.
  4257 | D:5      | Noticed a two-headed ogre
  4265 | D:5      | Killed a two-headed ogre
  4266 | D:5      | Reached skill level 1 in Stealth
  4266 | D:5      | Reached XP level 8. HP: 37/71 MP: 7/7
  4383 | D:5      | Found a bloodstained altar of Trog.
  4867 | D:6      | Reached skill level 5 in Shields
  5090 | D:6      | Noticed Jeremiah
  5174 | D:6      | HP: 2/68 [Jeremiah/+2 trident of draining (4)]
  5177 | D:6      | Mangled by Jeremiah

Illustrated notes

Levels and vault maps discovered:
D:1:      nicolae_arrival_somewhat_less_tricky_arrival, layout_basic,
          grunt_decor_one_mirror, minmay_misc_feat_nine_boxes,
          minmay_tromino_v4_a
D:2:      layout_rooms
D:3:      wander_river, layout_rooms, nicolae_overflow_ecumenical_swirl,
          mainiacjoe_overflow_alcove_4, shapermc_ecumenical_altar_mp_highgroup,
          uniq_jessica
D:4:      layout_basic, nicolae_overflow_hidden_temple, serial_shops,
          nicolae_shop_rolling_square
D:5:      layout_loops_ring, trog_hazing_becter, mainiacjoe_overflow_24_doors,
          minmay_temple_entry_from_below_a, serial_shops, shop,
          kennysheep_pointless_box, nicolae_ea-nasir_strikes_again,
          minmay_shop_damaged
D:6:      layout_basic, nicolae_wand_duel, minivault_1, uniq_jeremiah

Skill      XL: |  1  2  3  4  5  6  7  8 |
---------------+-------------------------+-----
Armour         | 4 5 7 8 |  8.2
Fighting       | 4 5 6 7 |  7.0
Shields        | 4 5 |  5.0
Maces & Flails | 3 4 5 7 8 |  8.1
Dodging        | 1 2 |  2.9
Stealth        | 1 |  1.2

Action                     |  1- 3 |  4- 6 |  7- 9 || total
---------------------------+-------+-------+-------++-------
  Melee: Flail             |   104 |   108 |    91 ||   303
         Headbutt          |    12 |    12 |    16 ||    40
    Use: Scroll            |     4 |     4 |     3 ||    11
         Potion            |       |     4 |       ||     4
 Armour: Scale mail        |    83 |   106 |    61 ||   250
  Dodge: Dodged            |    68 |    76 |    45 ||   189
  Block: Buckler           |    24 |    42 |    12 ||    78
